Map: Ascension to Aiur LE

Players

Winthrowe

  • Race: Terran Terran
  • League: Silver
  • Spawn Location: 11:00

A.I. 1 (Very Hard) - Winner!

  • Race: Terran Terran
  • Spawn Location: 5:00

VOD

Have the link to the VOD?

Description

Time

  • Played on: Aug. 20, 2017, 6:27 p.m.
  • Length: 4:46
Show
View Real Time Build Order
Export as new Build Order

Winthrowe Terran 

Build Orders:  

Get SALT Encoding   

  12  0:01  SCV  
  13  0:13  SCV  
  14  0:19  Supply Depot  
  14  0:25  SCV  
  15  0:40  SCV  
  15  0:41  Barracks  
  16  0:51  Refinery  
  16  0:52  SCV  
  17  1:04  SCV  
  17  1:11  Barracks  
  18  1:17  SCV  
  19  1:29  SCV  
  20  1:42  SCV  
  21  1:53  Engineering Bay  
  21  1:54  SCV  
  22  2:00  Supply Depot  
  22  2:02  Marine  
  23  2:10  Refinery  
  23  2:22  Marine  
  24  2:23  Barracks Tech Lab  
  24  2:34  Engineering Bay  
  24  2:47  Marine  
  24  2:48  Marine  
  26  3:09  Orbital Command  
  26  3:12  Marine  
  26  3:16  Marine  
  28  3:30  Factory  
  28  3:38  Barracks Reactor  
  28  3:40  Marauder  
  30  4:05  Supply Depot x2  
  30  4:06  Supply Depot x2  
  30  4:07  Supply Depot  
  30  4:10  Supply Depot  
Show
View Real Time Build Order
Export as new Build Order

A.I. 1 (Very Hard) Terran - Winner!

Build Orders: MMM Bio 

Get SALT Encoding   

  12  0:00  SCV  
  13  0:13  SCV  
  14  0:19  Supply Depot  
  14  0:25  SCV  
  15  0:40  SCV  
  15  0:42  Barracks  
  16  0:47  Refinery  
  16  0:53  SCV  
  17  1:02  Barracks  
  17  1:05  SCV  
  18  1:17  SCV  
  19  1:29  Orbital Command  
  19  1:30  Marine  
  20  1:40  Barracks  
  20  1:48  Marine  
  20  1:49  Marine  
  22  1:56  Supply Depot  
  22  1:59  SCV  
  23  2:06  Barracks Tech Lab  
  23  2:08  Barracks Tech Lab  
  23  2:17  SCV  
  24  2:24  Marine  
  24  2:26  Marine x2  
  24  2:27  Concussive Shells  
  24  2:28  Stimpack  
  27  2:35  Supply Depot  
  27  2:42  Marine  
  27  2:44  Marine x2, SCV  
  31  3:00  Marauder  
  31  3:02  Marine, Marauder  
  31  3:04  Supply Depot  
  36  3:18  SCV  
  37  3:20  Marine  
  37  3:21  Marine  
  37  3:24  Combat Shields  
  37  3:25  Supply Depot  
  37  3:26  Marine  
  40  3:38  Marine  
  40  3:39  Marauder, Refinery  
  43  3:44  Marauder  
  45  4:01  SCV, Marauder  
  48  4:04  Supply Depot  
  48  4:13  SCV  
  49  4:22  Marine, Marauder  
  49  4:25  Marine, Factory, SCV  
  52  4:46  Command Center  
Tags
 
Composition
MMM Bio
League
Silver
Matchup
TvT
Race
Terran
Spawn Locations
Cross Positions
Add a new tag
Caveats
  • Supply blocks, unpowered buildings, or Contaminate may cause inaccurate times.
  • Supply counts are checked every 10 seconds.